AAA EAST
MEMPHIS REDBIRDS @ ST. PAUL SAINTS
07/12/2041
 
TOP OF THE 1ST
Memphis Redbirds batting - Pitching for St. Paul Saints : RHP Greg Giles
Pitching: RHP Greg Giles
Batting: LHB Cisco Chávez 0-0: Ball
1-0: Ball
2-0: Ball
3-0: Called Strike
3-1: Fly out, F9 (Flyball, 89S, EV 87.5 MPH)
Batting: RHB António Valentín 0-0: Called Strike
0-1: SINGLE (Groundball, 4MS, EV 70.6 MPH) (infield hit)
Batting: LHB Mike O'Halloran 0-0: Foul Ball, location: 3FF
0-1: Ball
1-1: Ball
2-1: Swinging Strike
2-2: Foul Ball, location: 9LSF
2-2: Strikes out swinging
Batting: LHB Ben King 0-0: Ball
1-0: 2-RUN HOME RUN (Flyball, 9D, EV 108.1 MPH), Distance : 407 ft
Batting: SHB Tim Wilson 0-0: Foul Ball, location: 2F
0-1: Ball
1-1: Foul Ball, location: 5SF
1-2: Ball
2-2: Ball
3-2: SINGLE (Groundball, 56D, EV 105.0 MPH)
Batting: LHB Juan García 0-0: Ball
1-0: Ball
2-0: Fly out, F7 (Flyball, 78M, EV 91.9 MPH)
Top of the 1st over - 2 runs, 3 hits, 0 errors, 1 left on base; Memphis 2 - St. Paul 0
BOTTOM OF THE 1ST
St. Paul Saints batting - Pitching for Memphis Redbirds : RHP Chip Fitzsymons
Pitching: RHP Chip Fitzsymons
Batting: SHB Víctor Martínez 0-0: Ball
1-0: Ball
2-0: SINGLE (Groundball, 6MD, EV 106.9 MPH)
Batting: RHB Juan Juárez 0-0: Foul Ball, location: 23F
0-1: Foul Ball, location: 2F
0-2: Ball
1-2: Foul Ball, location: 5FF
1-2: Foul Ball, location: 5F
1-2: 2-RUN HOME RUN (Flyball, 9D, EV 96.3 MPH), Distance : 377 ft
Batting: SHB Ron Richards 0-0: Called Strike
0-1: Swinging Strike
0-2: Ball
1-2: Strikes out looking
Batting: LHB Joe McMahon 0-0: Foul Ball, location: 2F
0-1: Foul Ball, location: 3SF
0-2: Strikes out swinging
Batting: LHB José Toledo 0-0: Called Strike
0-1: Ball
1-1: Ball
2-1: Foul Ball, location: 2F
2-2: Ball
3-2: Foul Ball, location: 5DF
3-2: Foul Ball, location: 7LDF
3-2: Fly out, F7 (Flyball, 7D, EV 107.5 MPH)
Bottom of the 1st over - 2 runs, 2 hits, 0 errors, 0 left on base; Memphis 2 - St. Paul 2
TOP OF THE 2ND
Memphis Redbirds batting - Pitching for St. Paul Saints : RHP Greg Giles
Batting: RHB Edwin Jackson 0-0: Ground out 4-3 (Groundball, 4, EV 89.4 MPH)
Batting: LHB Gervasio Fulda 0-0: Swinging Strike
0-1: Called Strike
0-2: Foul Ball, location: 7LMF
0-2: Ball
1-2: Ball
2-2: Fly out, F8 (Flyball, 89D, EV 103.8 MPH)
Batting: RHB David Pacheco 0-0: Ball
1-0: Called Strike
1-1: Ball
2-1: Swinging Strike
2-2: Foul Ball, location: 23F
2-2: Foul Ball, location: 2F
2-2: Ball
3-2: Strikes out looking
Top of the 2nd over - 0 runs, 0 hits, 0 errors, 0 left on base; Memphis 2 - St. Paul 2
BOTTOM OF THE 2ND
St. Paul Saints batting - Pitching for Memphis Redbirds : RHP Chip Fitzsymons
Batting: RHB Mario Reyes 0-0: Called Strike
0-1: Ball
1-1: Fly out, F9 (Flyball, 89S, EV 98.1 MPH)
Batting: RHB Juan Quintana 0-0: Called Strike
0-1: Called Strike
0-2: Ball
1-2: Ball
2-2: Ball
3-2: SINGLE (Line Drive, 56D, EV 65.6 MPH)
Batting: LHB Mario Román 0-0: Ball
1-0: Called Strike
1-1: Ball
2-1: SINGLE (Line Drive, 78S, EV 99.4 MPH)
Juan Quintana to second
Batting: RHB Ángelo Sánchez 0-0: Ball
1-0: Ball
2-0: Called Strike
2-1: Swinging Strike
2-2: Foul Ball, location: 9LSF
2-2: Fly out, F7 (Flyball, 7, EV 90.6 MPH)
Batting: SHB Víctor Martínez 0-0: Foul Ball, location: 2F
0-1: Swinging Strike
0-2: Ball
1-2: Strikes out swinging
Bottom of the 2nd over - 0 runs, 2 hits, 0 errors, 2 left on base; Memphis 2 - St. Paul 2
TOP OF THE 3RD
Memphis Redbirds batting - Pitching for St. Paul Saints : RHP Greg Giles
Batting: LHB Cisco Chávez 0-0: Ball
1-0: Foul Ball, location: 2F
1-1: Ground out 6-3 (Groundball, 6, EV 103.8 MPH)
Batting: RHB António Valentín 0-0: Ground out 5-3 (Groundball, 56S, EV 72.5 MPH)
Batting: LHB Mike O'Halloran 0-0: DOUBLE (Line Drive, 89M, EV 96.3 MPH)
Batting: LHB Ben King 0-0: Swinging Strike
0-1: Called Strike
0-2: Ball
1-2: Ball
2-2: Strikes out swinging
Top of the 3rd over - 0 runs, 1 hit, 0 errors, 1 left on base; Memphis 2 - St. Paul 2
BOTTOM OF THE 3RD
St. Paul Saints batting - Pitching for Memphis Redbirds : RHP Chip Fitzsymons
Batting: RHB Juan Juárez 0-0: Foul Ball, location: 9LMF
0-1: Swinging Strike
0-2: Ball
1-2: Ground out 5-3 (Groundball, 56, EV 86.9 MPH)
Batting: SHB Ron Richards 0-0: Called Strike
0-1: Fly out, F8 (Flyball, 8LD, EV 110.0 MPH)
Batting: LHB Joe McMahon 0-0: Ball
1-0: Ball
2-0: Foul Ball, location: 2F
2-1: Fly out, F7 (Line Drive, 78S, EV 81.3 MPH)
Bottom of the 3rd over - 0 runs, 0 hits, 0 errors, 0 left on base; Memphis 2 - St. Paul 2
TOP OF THE 4TH
Memphis Redbirds batting - Pitching for St. Paul Saints : RHP Greg Giles
Batting: SHB Tim Wilson 0-0: Ball
1-0: Ground out 6-3 (Groundball, 6MD, EV 98.8 MPH)
Batting: LHB Juan García 0-0: Ball
1-0: Ball
2-0: Called Strike
2-1: Ground out 4-3 (Groundball, 4, EV 108.1 MPH)
Batting: RHB Edwin Jackson 0-0: Foul Ball, location: 7LSF
0-1: Called Strike
0-2: Foul Ball, location: 23FF
0-2: DOUBLE (Line Drive, 78M, EV 89.4 MPH)
Batting: LHB Gervasio Fulda 0-0: Ground out 4-3 (Groundball, 4, EV 86.3 MPH)
Top of the 4th over - 0 runs, 1 hit, 0 errors, 1 left on base; Memphis 2 - St. Paul 2
BOTTOM OF THE 4TH
St. Paul Saints batting - Pitching for Memphis Redbirds : RHP Chip Fitzsymons
Batting: LHB José Toledo 0-0: Ball
1-0: Ball
2-0: Called Strike
2-1: Foul Ball, location: 7LSF
2-2: Foul Ball, location: 7LSF
2-2: SINGLE (Line Drive, 34D, EV 98.8 MPH)
Batting: RHB Mario Reyes 0-0: Sac Bunt to P - play at first, batter OUT! 1-3
José Toledo to second
Batting: RHB Juan Quintana 0-0: Ball
1-0: Ground out 5-3 (Groundball, 56, EV 83.1 MPH)
Batting: LHB Mario Román 0-0: Fly out, F8 (Flyball, 8RM, EV 92.5 MPH)
Bottom of the 4th over - 0 runs, 1 hit, 0 errors, 1 left on base; Memphis 2 - St. Paul 2
TOP OF THE 5TH
Memphis Redbirds batting - Pitching for St. Paul Saints : RHP Greg Giles
Batting: RHB David Pacheco 0-0: Ball
1-0: Ball
2-0: Called Strike
2-1: SINGLE (Groundball, 56D, EV 104.4 MPH)
Batting: LHB Cisco Chávez 0-0: Bunted foul
0-1: Sac Bunt to 2R - play at first, batter OUT! 2-3
David Pacheco to second
Batting: RHB António Valentín 0-0: Ball
1-0: Fly out, F7 (Flyball, 78D, EV 93.1 MPH)
Batting: LHB Mike O'Halloran 0-0: Foul Ball, location: 2F
0-1: Swinging Strike
0-2: Strikes out swinging
Top of the 5th over - 0 runs, 1 hit, 0 errors, 1 left on base; Memphis 2 - St. Paul 2
BOTTOM OF THE 5TH
St. Paul Saints batting - Pitching for Memphis Redbirds : RHP Chip Fitzsymons
Batting: RHB Ángelo Sánchez 0-0: Foul Ball, location: 2F
0-1: Ball
1-1: Ball
2-1: Foul Ball, location: 23FF
2-2: Ball
3-2: Base on Balls
Batting: SHB Víctor Martínez 0-0: Called Strike
0-1: Foul Ball, location: 3FF
0-2: Ball
1-2: Ball
2-2: Ball
3-2: Fly out, F6 (Flyball, 56D, EV 86.9 MPH)
Batting: RHB Juan Juárez 0-0: Called Strike
0-1: SINGLE (Groundball, 34D, EV 105.0 MPH)
Ángelo Sánchez to second
Throwing error, E9
Ángelo Sánchez scores
Juan Juárez to second
Batting: SHB Ron Richards 0-0: Called Strike
0-1: Ball
1-1: Ball
2-1: Swinging Strike
2-2: Ball
3-2: Foul Ball, location: 5F
3-2: Base on Balls
Batting: LHB Joe McMahon 0-0: Ball
1-0: Foul Ball, location: 5SF
1-1: Fly out, F8 (Flyball, 8RM, EV 89.4 MPH)
Batting: LHB José Toledo 0-0: Foul Ball, location: 23F
0-1: Ball
1-1: Ball
2-1: Swinging Strike
2-2: Foul Ball, location: 3DF
2-2: Ball
3-2: Foul Ball, location: 2F
3-2: Foul Ball, location: 9LSF
3-2: Strikes out swinging
Bottom of the 5th over - 1 run, 1 hit, 1 error, 2 left on base; Memphis 2 - St. Paul 3
TOP OF THE 6TH
Memphis Redbirds batting - Pitching for St. Paul Saints : RHP Greg Giles
Batting: LHB Ben King 0-0: Ball
1-0: Called Strike
1-1: Ball
2-1: Fly out, F9 (Line Drive, 89S, EV 98.1 MPH)
Batting: SHB Tim Wilson 0-0: Ball
1-0: Called Strike
1-1: Ball
2-1: Ball
3-1: Called Strike
3-2: Strikes out looking
Batting: LHB Juan García 0-0: Called Strike
0-1: Ball
1-1: Called Strike
1-2: SINGLE (Line Drive, 9S, EV 93.8 MPH)
Batting: RHB Edwin Jackson 0-0: Foul Ball, location: 2F
0-1: Ball
1-1: Fielders Choice at 2nd, 6-4 (Groundball, 6, EV 107.5 MPH)
Top of the 6th over - 0 runs, 1 hit, 0 errors, 1 left on base; Memphis 2 - St. Paul 3
BOTTOM OF THE 6TH
St. Paul Saints batting - Pitching for Memphis Redbirds : RHP Chip Fitzsymons
Pitching: RHP Mike Brooks
Batting: RHB Mario Reyes 0-0: Ball
1-0: Called Strike
1-1: Ball
2-1: Ball
3-1: Base on Balls
Batting: RHB Juan Quintana 0-0: SINGLE (Groundball, 56S, EV 69.4 MPH) (infield hit)
Mario Reyes to second
Batting: LHB Mario Román 0-0: Fielders Choice at 2nd, 4-6 (Groundball, 4, EV 84.4 MPH)
Mario Reyes to third
Batting: RHB Ángelo Sánchez 0-0: Ball
1-0: Called Strike
1-1: Foul Ball, location: 25F
1-2: Ball
2-2: DOUBLE (Line Drive, 9LS, EV 101.9 MPH)
Mario Reyes scores
Mario Román to third
Batting: SHB Víctor Martínez 0-0: Ball
1-0: Swinging Strike
1-1: Ground out 4-3 (Groundball, 4, EV 88.1 MPH)
Batting: RHB Juan Juárez 0-0: Ball
1-0: Foul Ball, location: 2F
1-1: Ball
2-1: Fly out, F8 (Line Drive, 8RM, EV 95.0 MPH)
Bottom of the 6th over - 1 run, 2 hits, 0 errors, 2 left on base; Memphis 2 - St. Paul 4
TOP OF THE 7TH
Memphis Redbirds batting - Pitching for St. Paul Saints : RHP Greg Giles
Batting: LHB Gervasio Fulda 0-0: Ball
1-0: Ball
2-0: Ball
3-0: Base on Balls
Pitching: RHP Zare Turovtsev
Batting: RHB David Pacheco 0-0: Ball
1-0: Called Strike
1-1: Ball
2-1: Bunted foul
2-2: Fly out, F8 (Flyball, 8LD, EV 110.6 MPH)
Batting: LHB Cisco Chávez 0-0: Ball
1-0: Grounds into double play, 5-4-3 (Groundball, 56, EV 93.8 MPH)
Top of the 7th over - 0 runs, 0 hits, 0 errors, 0 left on base; Memphis 2 - St. Paul 4
BOTTOM OF THE 7TH
St. Paul Saints batting - Pitching for Memphis Redbirds : RHP Mike Brooks
Batting: SHB Ron Richards 0-0: Ball
1-0: Called Strike
1-1: Ball
2-1: Ball
3-1: Foul Ball, location: 2F
3-2: Foul Ball, location: 2F
3-2: Fly out, F5 (Popup, 5L, EV 67.5 MPH)
Batting: LHB Joe McMahon 0-0: Ball
1-0: Foul Ball, location: 25F
1-1: Ball
2-1: SOLO HOME RUN (Line Drive, 7D, EV 106.9 MPH), Distance : 422 ft
Batting: LHB José Toledo 0-0: Ball
1-0: Ball
2-0: Ball
3-0: Base on Balls
Batting: RHB Mario Reyes 0-0: Swinging Strike
0-1: Foul Ball, location: 9LMF
0-2: Strikes out swinging
Batting: RHB Juan Quintana 0-0: Called Strike
0-1: Foul Ball, location: 5F
0-2: Foul Ball, location: 2F
0-2: Ball
1-2: Ground out 1-3 (Groundball, 13S, EV 71.3 MPH)
Bottom of the 7th over - 1 run, 1 hit, 0 errors, 1 left on base; Memphis 2 - St. Paul 5
TOP OF THE 8TH
Memphis Redbirds batting - Pitching for St. Paul Saints : RHP Zare Turovtsev
Now in LF: Jeremy Rossano
Batting: RHB António Valentín 0-0: Ball
1-0: Foul Ball, location: 9LMF
1-1: Swinging Strike
1-2: Ball
2-2: Ground out 5-3 (Groundball, 56S, EV 73.8 MPH)
Pitching: LHP Jorge Vélez
Batting: RHB Gilberto García 0-0: Called Strike
0-1: Foul Ball, location: 7LMFF
0-2: Foul Ball, location: 9LMF
0-2: Ball
1-2: Foul Ball, location: 9LMF
1-2: Foul Ball, location: 5FF
1-2: Ball
2-2: Ball
3-2: Ground out 6-3 (Groundball, 6, EV 87.5 MPH)
Batting: LHB Ben King 0-0: Fly out, F8 (Line Drive, 8RM, EV 88.1 MPH)
Top of the 8th over - 0 runs, 0 hits, 0 errors, 0 left on base; Memphis 2 - St. Paul 5
BOTTOM OF THE 8TH
St. Paul Saints batting - Pitching for Memphis Redbirds : RHP Mike Brooks
Batting: LHB Mario Román 0-0: Foul Ball, location: 2F
0-1: Ball
1-1: Ball
2-1: Swinging Strike
2-2: Strikes out swinging
Batting: RHB Ángelo Sánchez 0-0: Foul Ball, location: 9LSF
0-1: Foul Ball, location: 2F
0-2: Strikes out swinging
Pitching: RHP Darrel George
Batting: SHB Víctor Martínez 0-0: Called Strike
0-1: Ground out 2-3 (Groundball, 13S, EV 71.3 MPH)
Bottom of the 8th over - 0 runs, 0 hits, 0 errors, 0 left on base; Memphis 2 - St. Paul 5
TOP OF THE 9TH
Memphis Redbirds batting - Pitching for St. Paul Saints : LHP Jorge Vélez
Batting: SHB Tim Wilson 0-0: Called Strike
0-1: SINGLE (Groundball, 4MS, EV 68.8 MPH) (infield hit)
Pinch Hitting: RHB Cristián Suárez 0-0: Called Strike
0-1: Ball
1-1: Ball
2-1: Foul Ball, location: 9LDF
2-2: Strikes out swinging
Batting: RHB Edwin Jackson 0-0: Grounds into double play, 5-4-3 (Groundball, 56, EV 102.5 MPH)
Top of the 9th over - 0 runs, 1 hit, 0 errors, 0 left on base; Memphis 2 - St. Paul 5
Monday, April 1st , 2024 - OOTP Baseball 24.10 Build 82